 Dungeon Crawl Stone Soup version 0.21-a0-401-g0b6bec4 (webtiles) character file.

18 kae the Chiller (level 2, -1/19 HPs)
             Began as a Demonspawn Ice Elementalist on Oct 22, 2017.
             Slain by an adder (2 damage)
             ... on level 2 of the Dungeon.
             The game lasted 00:01:03 (711 turns).

kae the Chiller (Demonspawn Ice Elementalist)        Turns: 711, Time: 00:01:04

Health: -1/19      AC:  3    Str:  8    XL:     2   Next: 48%
Magic:  2/5        EV: 12    Int: 16    God:
Gold:   35         SH:  0    Dex: 13    Spells: 4/5 levels left

rFire    . . .     SeeInvis .   f - +0 dagger
rCold    . . .     Gourm    .   (no shield)
rNeg     . . .     Faith    .   a - +1 robe
rPois    .         Spirit   .   (no helmet)
rElec    .         Reflect  .   (no cloak)
rCorr    .         Harm     .   (no gloves)
MR       .....                  (no boots)
Stlth    ++........             (no amulet)
HPRegen  0.06/turn              (no ring)
MPRegen  0.09/turn              (no ring)

@: lethally poisoned (-1 -> -4), very slightly contaminated
A: powered by pain 1
a: no special abilities


You were on level 2 of the Dungeon.
You were not hungry.

You visited 1 branch of the dungeon, and saw 2 of its levels.

You collected 35 gold pieces.

Inventory:

Hand Weapons
 f - a +0 dagger (weapon)
Armour
 a - a +1 robe (worn)
Scrolls
 e - a scroll of identify
 l - a scroll of enchant armour
Potions
 d - a potion of haste
 j - a potion of flight
Books
 b - a book of Frost

   Spells                             Type                      Level
   a - Freeze                         Ice                          1
   b - Throw Frost                    Conjuration/Ice              2
   c - Ozocubu's Armour               Charms/Ice                   3
   d - Throw Icicle                   Conjuration/Ice              4
   e - Summon Ice Beast               Ice/Summoning                4
Comestibles
 c - 3 bread rations
 g - a meat ration


   Skills:
 - Level 1.7 Dodging
 - Level 1.7 Stealth
 + Level 2.3 Spellcasting
   Level 1.0 Conjurations
 * Level 3.3 Ice Magic


You had 4 spell levels left.
You knew the following spells:

 Your Spells              Type           Power        Failure   Level  Hunger
a - Freeze                Ice            ##..         5%          1    #......


Dungeon Overview and Level Annotations

Branches:
Dungeon (2/15)

Altars:


Innate Abilities, Weirdness & Mutations

You sometimes gain a little power by taking damage.


Message History

The adder hisses angrily.
Found a leather armour.
There is a stone staircase leading up here.
The adder bites you.
* * * LOW HITPOINT WARNING * * *
You are lethally poisoned!
The adder poisons you!
You climb upwards.
* * * LOW HITPOINT WARNING * * *
You feel sick.
There is a stone staircase leading down here.
Unknown command.
There is a lethal amount of poison in your body!
Okay, then.
Okay, then.
There is a lethal amount of poison in your body!
You climb downwards.
* * * LOW HITPOINT WARNING * * *
You feel sick. The adder misses you. The adder bites you.
You die...

.........# #.# [..
.....#....# #!..
....#....# #.. ...#....#
##.#### #>##....# .####
#.....###.##....#
.....##...............#
......S@...$..........##
###.#...................
#...#.................
#..##......##.........
#..##.....####).###...
#..#......# #....# ..
#.......†.#........ .
#......†..#.(.......
#..#..#.###...........


You could see an adder.

Vanquished Creatures
  A bat (D:2)
  A giant cockroach (D:1)
  A hobgoblin (D:1)
  2 jackals (D:1)
  A quokka (D:2)
  2 frilled lizards (D:1)
  4 goblins
  A kobold (D:1)
  4 rats (D:1)
17 creatures vanquished.

Vanquished Creatures (others)
  5 toadstools (D:1)
5 creatures vanquished.

Grand Total: 22 creatures vanquished

Notes
Turn   | Place    | Note
-------+----------+-------------------------------------------
     0 | D:1      | kae the Demonspawn Ice Elementalist began the quest for the Orb.
     0 | D:1      | Reached XP level 1. HP: 13/13 MP: 3/3
   255 | D:1      | Reached skill level 3 in Ice Magic
   305 | D:1      | Gained mutation: You sometimes gain a little power by taking damage. [demonic ancestry]
   305 | D:1      | Reached XP level 2. HP: 19/19 MP: 1/5
   711 | D:2      | Slain by an adder

Vault maps used:
D:1:      ldierk_walled_garden, minmay_misc_feat_encased, minivault_27,
          minmay_domino_2
D:2:      first_bread, kennysheep_jessica_study

Skill      XL: |  1 |
---------------+----+-----
Ice Magic      | 3 |  3.3
Dodging        | |  1.7
Stealth        | |  1.7
Spellcasting   | |  2.3
Conjurations   | |  1.0

Action                   || total
-------------------------++-------
Melee: Dagger            ||    10
       Unarmed           ||     3
 Cast: Freeze            ||    15
  Use: Scroll            ||     6
 Stab: Sleeping          ||     4
Armor: Robe              ||     3
Dodge: Dodged            ||    16

Table legend:
 A = Spawn XP
 B = Non-spawn XP
 C = Spawn XP percentage of total XP
 D = Spawn monster count
 E = Non-spawn monster count
 F = Spawn count percentage of total count
 G = Total turns spent on level
                    A         B        C        D         E        F      G
               +---------+---------+-------+---------+---------+-------+---------
         Total |       0 |      26 |   0.0 |       0 |      17 |   0.0 |   711
               +---------+---------+-------+---------+---------+-------+---------
           D:1 |       0 |      20 |   0.0 |       0 |      14 |   0.0 |   662
           D:2 |       0 |       6 |   0.0 |       0 |       3 |   0.0 |    49
               +---------+---------+-------+---------+---------+-------+---------
